 Dungeon Crawl Stone Soup version 0.22-a0-388-g09e6169d0a (webtiles) character file.

742 Banto the Covert (level 7, -5/41 HPs)
             Began as an Octopode Ice Elementalist on Apr 30, 2018.
             Was an Initiate of Sif Muna.
             Slain by a centaur (8 damage)
             ... on level 5 of the Dungeon.
             The game lasted 00:05:11 (4871 turns).

Banto the Covert (Octopode Ice Elementalist)        Turns: 4871, Time: 00:05:11

Health: -5/41      AC:  1    Str:  7    XL:     7   Next: 76%
Magic:  6/10       EV: 13    Int: 19    God:    Sif Muna [......]
Gold:   200        SH:  0    Dex: 13    Spells: 4/10 levels left

rFire    . . .     SeeInvis .   o - +0 dagger (venom)
rCold    . . .     Gourm    .   (no shield)
rNeg     . . .     Faith    .   (helmet restricted)
rPois    .         Spirit   .   j - amulet of rage
rElec    .         Reflect  .   (no ring)
rCorr    .         Harm     .   (no ring)
MR       .....                  (no ring)
Stlth    +++++.....             (no ring)
HPRegen  0.13/turn              (no ring)
MPRegen  0.12/turn              (no ring)
                                (no ring)
                                (no ring)

@: no status effects
A: almost no armour, stealthy swim, amphibious, 8 rings, constrict 8, camouflage
1, gelatinous body 1
a: Renounce Religion, Evoke Berserk Rage


You were on level 5 of the Dungeon.
You worshipped Sif Muna.
Sif Muna was noncommittal.
You were not hungry.

You visited 2 branches of the dungeon, and saw 6 of its levels.

You collected 200 gold pieces.

Inventory:

Hand Weapons
 o - a +0 dagger of venom (weapon)
Jewellery
 j - an amulet of rage (around mantle)
Wands
 r - a wand of random effects (25)
Scrolls
 g - a scroll of amnesia
 i - a scroll of teleportation
Potions
 a - 3 potions of curing
 c - a potion of brilliance {unknown}
 d - 2 potions of might {unknown}
 e - a potion of agility
 f - a potion of berserk rage {unknown}
 h - 4 potions of heal wounds {unknown}
 l - a potion of ambrosia {unknown}
 m - a potion of flight {unknown}
 n - a potion of resistance {unknown}
 p - 2 potions of degeneration {unknown}
Comestibles
 b - 8 rations
 k - 5 chunks of flesh


   Skills:
 - Level 2.0 Dodging
 + Level 8.8 Stealth
 - Level 2.0 Spellcasting
 - Level 1.0 Conjurations
 + Level 6.6 Ice Magic


You had 4 spell levels left.
You knew the following spells:

 Your Spells              Type           Power        Failure   Level  Hunger
a - Freeze                Ice            ####         1%          1    #......
b - Throw Frost           Conj/Ice       ###...       5%          2    ###....
c - Ozocubu's Armour      Chrm/Ice       ##......     13%         3    ###....


Dungeon Overview and Level Annotations

Branches:
Dungeon (5/15)             Temple (1/1) D:4

Altars:
Ashenzari
Cheibriados
Dithmenos
Elyvilon
Fedhas
Gozag
Hepliaklqana
Kikubaaqudgha
Makhleb
Nemelex Xobeh
Okawaru
Qazlal
Sif Muna
Uskayaw
Vehumet
Wu Jian
Xom
Yredelemnul
Zin
The Shining One


Innate Abilities, Weirdness & Mutations

You cannot wear most types of armour.
You are very stealthy in the water. (Stealth+)
You are amphibious.
You can wear up to eight rings at the same time.
You can use your tentacles to constrict eight enemies at once.
Your skin changes colour to match your surroundings (Stealth+).
Your rubbery body absorbs attacks. (AC +1, EV +1)


Message History

You take 6 damage, and have 5/41 hp.
You now have 8/10 mp.
Casting: Freeze (safe; 1% risk of failure)
Confirm with . or Enter, or press ? or * to list all spells.
Aiming: Freeze (safe; 1% risk of failure)
Press: ? - help, Shift-Dir - straight line, f/p - centaur
Aim: a centaur (heavily wounded)
You freeze the centaur.
The centaur is heavily wounded.
The centaur hits you.
* * * LOW HITPOINT WARNING * * *
You take 2 damage, and have 3/41 hp.
You now have 7/10 mp.
Casting: Freeze (safe; 1% risk of failure)
Confirm with . or Enter, or press ? or * to list all spells.
Aiming: Freeze (safe; 1% risk of failure)
Press: ? - help, Shift-Dir - straight line, f/p - centaur
Aim: a centaur (heavily wounded)
You freeze the centaur.
The centaur is severely wounded.
The centaur barely misses you. The centaur hits you!
You die...

##...........###
##........###
#...#'#.##
##..#.### #.##.##
..#.(.# ..##.(.##
...#5....#
#####@....#
#.c..8....#
#......#......
#_.....8###8.....
###...... .....#
###.... ...###
###.. ### #...


You could see a centaur and a crimson imp.

Vanquished Creatures
  Sigmund (D:3)
  2 scorpions (D:4)
  3 hounds (D:4)
  2 orc priests
  An orc wizard (D:4)
  A worker ant (D:4)
  An iguana (D:5)
  2 hound skeletons (D:4)
  3 gnolls (D:4)
  8 adders
  A shadow imp (D:4)
  4 dart slugs
  2 leopard geckos
  19 orcs
  5 giant cockroaches
  6 goblins
  8 hobgoblins
  12 jackals (D:3)
  5 kobolds
  2 quokkas
  A ball python (D:1)
  5 bats
  5 frilled lizards
  3 rats
102 creatures vanquished.

Notes
Turn   | Place    | Note
-------+----------+-------------------------------------------
     0 | D:1      | Banto the Octopode Ice Elementalist began the quest for the Orb.
     0 | D:1      | Reached XP level 1. HP: 11/11 MP: 3/3
   275 | D:1      | Reached skill level 3 in Stealth
   317 | D:1      | Reached XP level 2. HP: 14/17 MP: 5/5
   581 | D:1      | Reached XP level 3. HP: 9/21 MP: 3/6
   785 | D:2      | Reached skill level 4 in Stealth
  1056 | D:2      | Learned a level 2 spell: Throw Frost
  1060 | D:2      | Learned a level 3 spell: Ozocubu's Armour
  1159 | D:2      | Reached XP level 4. HP: 15/27 MP: 4/7
  1596 | D:2      | Reached skill level 5 in Stealth
  1910 | D:3      | Reached XP level 5. HP: 31/31 MP: 8/8
  2230 | D:3      | Found an iron altar of Okawaru.
  2231 | D:3      | Found a basalt altar of Yredelemnul.
  2653 | D:3      | Noticed Sigmund
  2666 | D:3      | Reached skill level 6 in Stealth
  2722 | D:3      | Killed Sigmund
  2722 | D:3      | Reached skill level 7 in Stealth
  2722 | D:3      | Reached skill level 5 in Ice Magic
  2722 | D:3      | Reached XP level 6. HP: 6/36 MP: 5/9
  3300 | D:4      | Reached XP level 7. HP: 32/41 MP: 0/10
  3360 | D:4      | Found a staircase to the Ecumenical Temple.
  3383 | Temple   | Entered the Ecumenical Temple
  3585 | Temple   | Became a worshipper of Sif Muna the Loreminder
  4039 | D:4      | Reached skill level 8 in Stealth
  4054 | D:4      | Found a hazy altar of Hepliaklqana.
  4757 | D:4      | Found a glowing silver altar of Zin.
  4828 | D:5      | Entered Level 5 of the Dungeon
  4866 | D:5      | Found a radiant altar of Vehumet.
  4871 | D:5      | Slain by a centaur

Vault maps used:
D:1:      scummos_arrival_star
D:3:      gammafunk_temple_overflow_statue, uniq_sigmund
D:4:      zin_treasury, lemuel_coloured_pillars_altar,
          minmay_temple_entry_junction_2, first_ration,
          hangedman_decor_slide_cut
D:5:      minmay_overflow_temple_star_quad, serial_shops, shop, shop_statue,
          shop, nicolae_shop_stone, gup_sewer_entry_bubbles,
          minmay_gold_behind_fungi, uniq_eustachio
Temple:   regret_index_temple_generic_petals

Skill      XL: |  1  2  3  4  5  6  7 |
---------------+----------------------+-----
Stealth        | 3 4 5 7 8 |  8.8
Ice Magic      | 4 5 6 |  6.6
Dodging        | |  2.0
Spellcasting   | |  2.0
Conjurations   | |  1.0

Action                   |  1- 3 |  4- 6 |  7- 9 || total
-------------------------+-------+-------+-------++-------
Melee: Dagger            |    39 |    96 |    56 ||   191
       Unarmed           |     4 |       |       ||     4
       Tentacles         |     7 |    18 |     8 ||    33
       Constrict         |    10 |    27 |    13 ||    50
 Cast: Freeze            |    21 |    22 |     6 ||    49
       Throw Frost       |     2 |    14 |    13 ||    29
  Use: Scroll            |       |     7 |     1 ||     8
 Stab: Sleeping          |     8 |     6 |     5 ||    19
  Eat: Chunk             |     1 |     8 |     6 ||    15
Armor: Skin              |    11 |     7 |     2 ||    20
Dodge: Dodged            |    33 |    61 |    35 ||   129

Table legend:
 A = Spawn XP
 B = Non-spawn XP
 C = Spawn XP percentage of total XP
 D = Spawn monster count
 E = Non-spawn monster count
 F = Spawn count percentage of total count
 G = Total turns spent on level
                    A         B        C        D         E        F      G
               +---------+---------+-------+---------+---------+-------+---------
         Total |       0 |    1061 |   0.0 |       0 |     102 |   0.0 |  4871
               +---------+---------+-------+---------+---------+-------+---------
           D:1 |       0 |      35 |   0.0 |       0 |      17 |   0.0 |   758
           D:2 |       0 |     109 |   0.0 |       0 |      14 |   0.0 |   895
           D:3 |       0 |     357 |   0.0 |       0 |      39 |   0.0 |  1567
           D:4 |       0 |     525 |   0.0 |       0 |      31 |   0.0 |  1095
           D:5 |       0 |      35 |   0.0 |       0 |       1 |   0.0 |    43
               +---------+---------+-------+---------+---------+-------+---------

Table legend:
 A = Turns spent in this place as a percentage of turns spent in the entire game.
 B = Non-inter-level travel turns spent in this place as a percentage of non-inter-level travel turns spent in the entire game.
 C = Inter-level travel turns spent in this place as a percentage of turns spent in this place.
 D = Turns resting spent in this place as a percentage of non-inter-level travel turns spent in this place.
 E = Turns spent auto-exploring this place as a percentage of non-inter-level travel turns spent in this place.
 F = Non-inter-level travel turns spent in this place divided by the number of levels of this place that you've seen.
                   A       B       C       D       E      F
               +-------+-------+-------+-------+-------+----------------------
         Total | 100.0 | 100.0 |   4.0 |  43.6 |  36.3 | 779.5
       Dungeon |  89.5 |  89.9 |   3.5 |  41.9 |  35.8 | 840.8
        Temple |  10.5 |  10.1 |   7.8 |  59.0 |  40.0 | 473.0
               +-------+-------+-------+-------+-------+----------------------

Table legend:
 A = Kills in this place as a percentage of kills in entire the game.
 B = Kills by you in this place as a percentage of kills by you in the entire game.
 C = Kills by friends in this place as a percentage of kills by friends in the entire game.
 D = Other kills in this place as a percentage of other kills in the entire game.
 E = Experience gained in this place as a percentage of experience gained in the entire game.
 F = Experience gained in this place divided by the number of levels of this place that you have seen.
                   A       B       C       D       E      F
               +-------+-------+-------+-------+-------+----------------------
         Total | 100.0 | 100.0 |   N/A |   N/A | 100.0 | 176.8
       Dungeon | 100.0 | 100.0 |   N/A |   N/A | 100.0 | 212.2
               +-------+-------+-------+-------+-------+----------------------
